 Dungeon Crawl Stone Soup version 0.21.1-1-g345015f (webtiles) character file.

1598 HammerPanzer the Carver (level 8, -4/74 HPs)
             Began as a Green Draconian Berserker on Apr 5, 2018.
             Was an Elder of Trog.
             Shot with an arrow by a centaur (6 damage)
             ... on level 5 of the Dungeon.
             The game lasted 00:15:35 (5011 turns).

HammerPanzer the Carver (Green Draconian Berserker) Turns: 5011, Time: 00:15:36

Health: -4/74      AC:  6    Str: 21    XL:     8   Next: 62%
Magic:  8/8        EV: 12    Int:  8    God:    Trog [****..]
Gold:   431        SH:  0    Dex: 11    Spells: 7/7 levels left

rFire    . . .     SeeInvis .   a - +0 falchion
rCold    . . .     Gourm    .   (no shield)
rNeg     . . .     Faith    .   (armour unavailable)
rPois    +         Spirit   .   (helmet restricted)
rElec    .         Reflect  .   (no cloak)
rCorr    .         Harm     .   (no gloves)
MR       +....     Rnd*Tele +   (no boots)
Stlth    +.........             (no amulet)
HPRegen  0.22/turn              q - ring of teleportation (curse)
MPRegen  0.11/turn              r - ring of protection from magic

@: berserk cooldown, slowed, very slow
A: breathe noxious fumes, unfitting armour, poison resistance, cold-blooded, AC
+6
a: Breathe Noxious Fumes, Berserk, Trog's Hand, Brothers in Arms, Burn
Spellbooks, Renounce Religion


You were on level 5 of the Dungeon.
You worshipped Trog.
Trog was greatly pleased with you.
You were not hungry.

You visited 1 branch of the dungeon, and saw 5 of its levels.
You also visited: Sewer and Ossuary.

You collected 431 gold pieces.

Inventory:

Hand Weapons
 a - a +0 falchion (weapon)
Jewellery
 n - an uncursed amulet of the gourmand {unknown}
 q - a cursed ring of teleportation (left hand)
 r - a ring of protection from magic (right hand)
Scrolls
 d - 3 scrolls of fear
 h - 2 scrolls of immolation
 j - 2 scrolls of magic mapping
 t - 3 scrolls of identify
Potions
 c - 2 potions of curing
 e - 2 potions of cancellation
 f - 2 potions of flight {unknown}
 k - a potion of agility {unknown}
 l - 3 potions of might
 m - 2 potions of haste {unknown}
 s - a potion of degeneration {unknown}
 u - 2 potions of heal wounds
 v - a potion of ambrosia {unknown}
Books
 g - a book of Minor Magic

   Spells                             Type                      Level
   a - Magic Dart                     Conjuration                  1
   b - Blink                          Translocation                2
   c - Call Imp                       Summoning                    2
   d - Slow                           Hexes                        2
   e - Conjure Flame                  Conjuration/Fire             3
   f - Mephitic Cloud                 Conjuration/Poison/Air       3
   Trog disapproves of the use of such an item.
Comestibles
 b - 3 rations


   Skills:
 + Level 7.7 Fighting
 * Level 9.4 Long Blades
 - Level 2.6 Dodging


You had 7 spell levels left.
You didn't know any spells.

Dungeon Overview and Level Annotations

Branches:
Dungeon (5/15)
 Temple: D:4-7

Altars:
Fedhas
Kikubaaqudgha
Vehumet
Xom


Innate Abilities, Weirdness & Mutations

You can breathe blasts of noxious fumes.
Your lurid green scales are hard. (AC +6)
You cannot fit into any form of body armour.
Your system is resistant to poisons. (rPois)
You are cold-blooded and may be slowed by cold attacks.


Message History

The phantom misses you.
You riposte.
You slash the phantom!
You destroy the phantom!
Trog accepts your kill.
Found a glowing amethyst potion.
You feel a strong urge to attack something.
You are no longer berserk.
You are exhausted.
You feel yourself slow down.
t - 3 scrolls of identify (gained 1)
The centaur wields a shortbow.
The centaur shoots an arrow.
The arrow barely misses you.
You see here an arrow.
The centaur shoots an arrow.
The arrow hits you!
* * * LOW HITPOINT WARNING * * *
You see here an arrow.
The centaur shoots an arrow.
The arrow hits you!
* * * LOW HITPOINT WARNING * * *
You see here an arrow.
The centaur shoots an arrow.
The arrow hits you.
You die...

.# # .## .## ....
..#....# #.#...
.....####. #####.#
...#..
####.@...##......
#....###c#.......
#.#### #(#.......
#.# ####(#.......
#.###...c...##...
..##.............
.....#...........
.c..#...#.....####
#..........#.##


You could see a centaur.

Vanquished Creatures
  Prince Ribbit (D:5)
  The ghost of Totori the Chiller, an amateur MfIE (D:3)
  Menkaure (D:5)
  3 ogres (D:4)
  2 phantoms
  A big kobold (Sewer)
  2 scorpions (D:4)
  2 hounds (D:4)
  An orc priest (D:4)
  2 human zombies (Ossuary)
  Jessica (D:3)
  2 worker ants (D:4)
  4 big kobold zombies (Ossuary)
  3 mummies
  A howler monkey zombie (D:5)
  6 adders
  A river rat (Sewer)
  3 oozes
  4 worms (Sewer)
  4 leopard geckos
  4 orcs
  3 ball pythons
  7 bats
  2 giant cockroaches
  3 gnoll zombies (Ossuary)
  6 goblins
  7 hobgoblins
  3 jackals (D:1)
  3 frilled lizards
  A goblin zombie (Ossuary)
  3 hobgoblin zombies
  13 kobolds
  A kobold zombie (D:4)
  2 orc zombies (Ossuary)
  13 rats
116 creatures vanquished.

Notes
Turn   | Place    | Note
-------+----------+-------------------------------------------
     0 | D:1      | HammerPanzer the Draconian Berserker began the quest for the Orb.
     0 | D:1      | Reached XP level 1. HP: 19/19 MP: 1/1
   544 | D:1      | Reached XP level 2. HP: 21/26 MP: 2/2
  1188 | D:2      | Reached XP level 3. HP: 33/33 MP: 3/3
  1233 | D:2      | Reached skill level 4 in Long Blades
  1522 | D:2      | Found an ancient bone altar of Kikubaaqudgha.
  1522 | D:2      | Found a radiant altar of Vehumet.
  1592 | D:2      | Found a blossoming altar of Fedhas.
  1628 | D:3      | Reached ** piety under Trog
  1674 | D:3      | Reached XP level 4. HP: 28/40 MP: 4/4
  1814 | D:3      | Noticed Totori's ghost (amateur MfIE)
  1831 | D:3      | Killed Totori's ghost
  1831 | D:3      | Reached skill level 5 in Fighting
  1831 | D:3      | Reached skill level 5 in Long Blades
  1831 | D:3      | Reached XP level 5. HP: 17/48 MP: 5/5
  2270 | D:3      | Noticed Jessica
  2276 | D:3      | Killed Jessica
  2276 | D:3      | Reached XP level 6. HP: 54/56 MP: 6/6
  2435 | D:3      | You fall through a shaft!
  2441 | D:4      | Reached skill level 6 in Long Blades
  2465 | D:4      | Found a glowing drain.
  2476 | Sewer    | Entered a sewer
  2494 | Sewer    | Reached *** piety under Trog
  2649 | Sewer    | Your scales start taking on a lurid green colour.
  2649 | Sewer    | Reached XP level 7. HP: 51/62 MP: 7/7
  2649 | Sewer    | Gained mutation: Your system is resistant to poisons. (rPois) [Green Draconian growth]
  2866 | Sewer    | Reached skill level 7 in Long Blades
  2996 | D:4      | Found a sand-covered staircase.
  3019 | Ossuary  | Entered an ossuary
  3644 | D:4      | Reached skill level 8 in Long Blades
  3645 | D:4      | Reached **** piety under Trog
  3645 | D:4      | Reached XP level 8. HP: 45/71 MP: 8/8
  3663 | D:4      | Found a shimmering altar of Xom.
  4867 | D:5      | Entered Level 5 of the Dungeon
  4877 | D:5      | Noticed Prince Ribbit
  4877 | D:5      | Noticed Menkaure
  4888 | D:5      | Killed Menkaure
  4894 | D:5      | Killed Prince Ribbit
  4894 | D:5      | Reached skill level 9 in Long Blades
  5007 | D:5      | HP: 1/74 [centaur/arrow (15)]
  5011 | D:5      | Shot with an arrow by a centaur

Skill      XL: |  1  2  3  4  5  6  7  8 |
---------------+-------------------------+-----
Long Blades    | 4 5 6 8 9 |  9.4
Fighting       | 4 5 6 7 |  7.7
Dodging        | |  2.6

Action                   |  1- 3 |  4- 6 |  7- 9 || total
-------------------------+-------+-------+-------++-------
Melee: Falchion          |    95 |   119 |   233 ||   447
       Tailslap          |    16 |    15 |    47 ||    78
Invok: Berserk           |     1 |     2 |     4 ||     7
 Abil: Breathe Noxious F |       |       |     4 ||     4
  Use: Scroll            |     5 |     5 |     4 ||    14
       Potion            |       |     2 |       ||     2
 Stab: Sleeping          |       |     1 |       ||     1
       Confused          |       |       |     3 ||     3
  Eat: Chunk             |     3 |     6 |     6 ||    15
       Ration            |       |       |     2 ||     2
Armor: Skin              |    29 |    31 |    58 ||   118
Dodge: Dodged            |    69 |    83 |   132 ||   284
       Rpst.: Falchion   |    31 |    28 |    46 ||   105
